 Dungeon Crawl Stone Soup version 0.28-a0-1199-gef9e1dbd39 (webtiles) character file.

Game seed: 13082419705975114343

896 timneilson the Agent of Entropy (level 7, -2/54 HPs)
             Began as a Demonspawn Abyssal Knight on Dec 19, 2021.
             Was a Priest of Lugonu.
             Killed from afar by a white imp (8 damage)
             ... with a puff of frost
             ... summoned by Eustachio
             ... on level 5 of the Dungeon.
             The game lasted 00:11:30 (5343 turns).

timneilson the Agent of Entropy (DsAK)              Turns: 5343, Time: 00:11:31

Health: -2/54      AC: 10    Str: 16    XL:     7   Next: 79%
Magic:  10/10      EV: 11    Int: 11    God:    Lugonu [***...]
Gold:   303        SH:  0    Dex: 13    Spells: 6/6 levels left

rFire   . . .      SeeInvis +   p - +0 long sword
rCold   . . .      Faith    .   (no shield)
rNeg    . . .      Spirit   .   d - +0 chain mail
rPois   .          Reflect  .   (helmet restricted)
rElec   .          Harm     .   e - scarf {repulsion}
rCorr   .          Rampage  .   c - +0 pair of gloves
Will    .....                   (no boots)
Stlth   ..........              (no amulet)
HPRegen 0.18/turn               k - ring of see invisible
MPRegen 0.12/turn               v - +4 ring of evasion

@: repel missiles
A: antennae 1, demonic guardian 1, weakness stinger 1, demonic touch 2
a: Renounce Religion, Depart the Abyss, Bend Space, Banish


You were on level 5 of the Dungeon.
You worshipped Lugonu.
Lugonu was most pleased with you.
You visited 2 branches of the dungeon, and saw 6 of its levels.
You visited the Abyss 1 time.
You also visited: Sewer and Ossuary.

You collected 303 gold pieces.

Inventory:

Hand Weapons
 a - a +1 falchion
 p - a +0 long sword (weapon)
Armour
 c - a +0 pair of gloves (worn)
 d - a +0 chain mail (worn)
 e - a scarf of repulsion (worn)
Jewellery
 k - a ring of see invisible (left hand)
 l - the ring "Ybla" {Contam rN+ Int+4 Dex+2}
   (You found it on level 4 of the Dungeon)

   [ring of positive energy]

   Int:       It affects your intelligence (+4).
   Dex:       It affects your dexterity (+2).
   rN:        It protects you from negative energy.
   Contam:    It causes magical contamination when unequipped.
 v - a +4 ring of evasion (right hand)
Wands
 g - a wand of flame (31)
 j - a wand of charming (11)
Scrolls
 f - 2 scrolls of magic mapping
 h - 3 scrolls of blinking
 m - a scroll of summoning
 t - a scroll of vulnerability {unknown}
 u - a scroll of identify
Potions
 i - 4 potions of curing
 n - a potion of magic
 o - 2 potions of might
 q - a potion of brilliance
 r - a potion of lignification
 s - a potion of mutation {unknown}
 w - 2 potions of flight


   Skills:
 + Level 4.2 Fighting
 * Level 4.4 Long Blades
 * Level 4.4 Armour
 + Level 2.6 Dodging
 + Level 4.7 Invocations
 + Level 2.8 Evocations


You had 6 spell levels left.
You didn't know any spells.
Your spell library contained the following spells:

 Spells                   Type           Power      Damage    Failure   Level
 Sting                    Tmut/Pois      0%         1d3       99%         1
 Corpse Rot               Necr/Air       0%         N/A       100%        2
 Poisonous Vapours        Pois/Air       0%         N/A       100%        2
 Dispel Undead            Necr           0%         3d6       100%        4
 Olgreb's Toxic Radiance  Pois           0%         N/A       100%        4
 Death Channel            Necr           0%         N/A       100%        6


Dungeon Overview and Level Annotations

Branches:
Dungeon (5/15)             Temple (1/1) D:5           Sewer (visited)
Ossuary (visited)

Altars:
Wu Jian

Annotations:
D:5 Eustachio


Innate Abilities, Weirdness & Mutations

You have a pair of small antennae on your head.
A weak demonic guardian rushes to your aid.
You have a small tail.
Your touch may inflict irresistible damage on your foes.


Message History

Unknown command.
You hit the shadow imp but do no damage.
The shadow imp is moderately wounded.
The bat hits you but does no damage. The rat closely misses you.
The bat hits you but does no damage.
The river rat bites you but does no damage.
The shadow imp hits you. The rat barely misses you.
You barely miss the shadow imp. You tail-slap the shadow imp.
Your touch misses the shadow imp.
The shadow imp is heavily wounded.
The shadow imp disappears in a puff of smoke!
The bat hits you but does no damage. The river rat barely misses you.
The rat closely misses you.
Unknown command.
You miss Eustachio.
You touch Eustachio.
Eustachio is severely wounded.
The bat hits you but does no damage.
The river rat bites you but does no damage.
Eustachio casts a spell.
Eustachio blinks!
The rat closely misses you.
The quasit bites you but does no damage.
The quasit completely misses you.
The quasit claws you but does no damage.
The river rat bites you.
* * * LOW HITPOINT WARNING * * *
The white imp gestures at you. The puff of frost hits you!
* * * LOW HITPOINT WARNING * * *
A demonic guardian appears!
The quasit completely misses you.
The quasit claws you but does no damage. x2
The river rat barely misses you.
Eustachio screams, "Hey, you killed my favourite bat!"
You closely miss Eustachio.
You touch Eustachio.
Eustachio is almost dead.
The quasit closely misses you. The quasit barely misses you.
The quasit claws you.
* * * LOW HITPOINT WARNING * * *
The white imp gestures at you. The puff of frost hits you!
You die...

..###.....#..#.=(.#..###≈######≈#
.#.)........#........##≈≈≈≈≈≈≈≈≈≈
.. ..................##≈≈≈####≈≈≈
................#..#.###≈##≈≈##≈#
#..###.............# .##≈#≈.≈≈#≈#
#.................###..#÷#≈≈≈≈#≈#
#............b.....##≈##≈≈##≈#
#....>.....5rr#.####≈≈≈#≈≈#≈≈≈
####.5b......5@..## #≈≈≈≈≈≈#≈≈≈
###? #.........5@...####≈######≈#
....##.#.............#.### #.#
#..§##..........#..## #.#
####.......###.....### #.#
###....##...###...# #.#
##....#..#.#.#.#.### #.#
###....#.....#.#.....## #.#
#.....##.#...(.....#..####..


You could see Eustachio, a quasit (summoned, ally target), a river rat
(summoned), a white imp (summoned), a bat (summoned), a rat (summoned) and a
friendly quasit (summoned).

Vanquished Creatures
  Sigmund (D:2)
  An ogre (D:4)
  A kobold brigand (Sewer)
  2 elf zombies (Ossuary)
  A centaur zombie (Ossuary)
  2 hounds
  A bullfrog skeleton (D:5)
  A human zombie (Ossuary)
  3 mummies (Ossuary)
  2 adders
  A river rat (Sewer)
  4 shadow imps (D:5)
  An ufetubus (D:4)
  3 adder zombies (Ossuary)
  2 adder skeletons (D:4)
  A worm (D:2)
  10 dart slugs
  An orc (D:4)
  3 bats
  8 endoplasms
  7 giant cockroaches
  6 goblins
  4 hobgoblins
  A jackal (Sewer)
  6 quokkas
  2 ball pythons
  3 frilled lizards
  4 goblin zombies (Ossuary)
  2 hobgoblin zombies (Ossuary)
  3 jackal zombies (Ossuary)
  8 kobolds
  4 kobold zombies (Ossuary)
  4 orc zombies (Ossuary)
  3 quokka zombies (Ossuary)
  10 rats
  5 rat zombies (Ossuary)
121 creatures vanquished.

Vanquished Creatures (collateral kills)
  An elf zombie (Ossuary)
  An adder zombie (Ossuary)
  An endoplasm (D:2)
  A rat (D:2)
4 creatures vanquished.

Grand Total: 125 creatures vanquished

Notes
Turn   | Place    | Note
-------+----------+-------------------------------------------
     0 | Abyss:1  | timneilson the Demonspawn Abyssal Knight began the quest
                  | for the Orb.
     0 | Abyss:1  | Reached XP level 1. HP: 18/18 MP: 2/2
   108 | Abyss:2  | Noticed a wretched star
   109 | D:1      | Escaped the Abyss
   236 | D:1      | Reached skill level 1 in Dodging
   355 | D:1      | Gained mutation: A weak demonic guardian rushes to your
                  | aid. [demonic ancestry]
   355 | D:1      | Reached XP level 2. HP: 21/24 MP: 3/3
   554 | D:1      | Reached * piety under Lugonu
  1162 | D:2      | HP: 1/24 [frozen (4)]
  1336 | D:2      | Reached XP level 3. HP: 25/29 MP: 5/5
  1338 | D:2      | Noticed Sigmund
  1359 | D:2      | Killed Sigmund
  1360 | D:2      | Reached skill level 1 in Evocations
  1360 | D:2      | Discovered your monstrous ancestry.
  1360 | D:2      | Gained mutation: You have a pair of small antennae on your
                  | head. [demonic ancestry]
  1360 | D:2      | Reached XP level 4. HP: 4/35 MP: 6/6
  1360 | D:2      | Gained mutation: You have a small tail. [demonic ancestry]
  1360 | D:2      | Reached XP level 5. HP: 5/41 MP: 7/7
  1681 | D:2      | Found a faded altar of an unknown god.
  2408 | D:3      | Found an ornate altar of the Wu Jian Council.
  2695 | D:3      | Reached ** piety under Lugonu
  3054 | D:4      | Identified the ring "Ybla" {Contam rN+ Int+4 Dex+2}
  3401 | D:4      | Gained mutation: Your touch may inflict minor irresistible
                  | damage on your foes. [demonic ancestry]
  3401 | D:4      | Reached XP level 6. HP: 47/47 MP: 8/8
  3881 | D:5      | Entered Level 5 of the Dungeon
  3896 | D:5      | Found a sand-covered staircase.
  3901 | Ossuary  | Entered an ossuary
  4020 | Ossuary  | HP: 2/48 [adder zombie (3)]
  4026 | Ossuary  | Gained mutation: Your touch may inflict irresistible damage
                  | on your foes. [demonic ancestry]
  4026 | Ossuary  | Reached XP level 7. HP: 24/53 MP: 10/10
  4452 | D:5      | Reached *** piety under Lugonu
  4521 | D:5      | Found a glowing drain.
  4536 | Sewer    | Entered a sewer
  5065 | D:5      | Found a staircase to the Ecumenical Temple.
  5066 | D:5      | Noticed Eustachio
  5088 | Temple   | Entered the Ecumenical Temple
  5343 | D:5      | Killed from afar by a white imp

Illustrated notes

Levels and vault maps discovered:
D:1:      eino_arrival_cavern_c, layout_basic,
          nicolae_concentric_dashed_squares_mild
D:2:      layout_loops_ring, basic_ecumenical_altar, uniq_sigmund
D:3:      kennysheep_slugbush, layout_loops_ring,
          mainiacjoe_overflow_tiny_flanked, minmay_misc_feat_plants,
          kennysheep_small_spiral, palyth_stone_intersect,
          grunt_decor_arrowhead, grunt_ministairs_14, grunt_decor_junction,
          st_stairs_9, kennysheep_crisscross
D:4:      layout_loops_ring
D:5:      layout_layer_cave, minmay_temple_entry_overgrown, enter_ossuary_5,
          ebering_ghost_sewer_d, gup_sewer_entry_bubbles, serial_shops,
          kennysheep_mini, minmay_fractal_squares_5, uniq_eustachio,
          uniq_crazy_yiuf_cottage
Temple:   minmay_temple_curvy_branch

Skill      XL: |  1  2  3  4  5  6  7 |
---------------+----------------------+-----
Long Blades    | 2 3 4 |  4.4
Dodging        | 1 2 |  2.6
Armour         | 2 3 4 |  4.4
Invocations    | 3 4 |  4.7
Evocations     | 1 2 |  2.8
Fighting       | 4 |  4.2

Action                   |  1- 3 |  4- 6 |  7- 9 || total
-------------------------+-------+-------+-------++-------
Melee: Falchion          |    69 |   107 |       ||   176
       Tailslap          |       |    17 |    19 ||    36
       Long sword        |       |    61 |   165 ||   226
       Touch             |       |    18 |    31 ||    49
Invok: Depart the Abyss  |     1 |       |       ||     1
       Bend Space        |       |       |     1 ||     1
Evoke: Wand              |       |     2 |       ||     2
  Use: Scroll            |     4 |     7 |     3 ||    14
       Potion            |     1 |     1 |     2 ||     4
 Stab: Distracted        |       |       |     1 ||     1
Armor: Chain mail        |    45 |   104 |   175 ||   324
Dodge: Dodged            |    24 |    68 |   151 ||   243
       Repelled          |       |     7 |       ||     7

Table legend: (Time is in decaauts)
 A = Elapsed time spent in this place.
 B = Non-inter-level travel time spent in this place.
 C = Inter-level travel time spent in this place.
 D = Time resting spent in this place.
 E = Time spent auto-exploring this place.
 F = Levels seen in this place.
 G = Mean time per level.
                   A        B        C        D        E       F      G
               +--------+--------+--------+--------+--------+-----+--------+
         Total |   5473 |   5401 |     72 |    765 |   3178 |  10 |  547.3 |
       Dungeon |   4213 |   4141 |     72 |    260 |   2936 |   5 |  842.6 |
        Temple |    206 |    206 |      0 |    205 |      0 |   1 |  206.0 |
         Abyss |    108 |    108 |      0 |      0 |      0 |   2 |   54.0 |
         Sewer |    411 |    411 |      0 |    135 |    207 |   1 |  411.0 |
       Ossuary |    533 |    533 |      0 |    165 |     35 |   1 |  533.0 |
               +--------+--------+--------+--------+--------+-----+--------+

Top non-repeatable levels by time:
     D:1: 1041 daAuts
     D:2: 979 daAuts
     D:3: 917 daAuts
     D:4: 868 daAuts
 Ossuary: 533 daAuts
   Sewer: 411 daAuts
     D:5: 406 daAuts
  Temple: 206 daAuts
 Abyss:1: 82 daAuts
 Abyss:2: 26 daAuts
